Map: Catalyst LE

Players

Neeb

  • Race: Protoss Protoss
  • Spawn Location: 11:00

Serral - Winner!

  • Race: Zerg Zerg
  • Spawn Location: 5:00

Event: IEM Season 12 - Katowice

VOD

Have the link to the VOD?

Description

Time

  • Played on: March 2, 2018, 9:49 a.m.
  • Length: 37:13
Show
View Real Time Build Order
Export as new Build Order

Neeb Protoss 

Build Orders: 1 Gate Expand, Oracle Opening, Phoenix Opening, Archon Immortal 

Get SALT Encoding   

  12  0:00  Probe  
  13  0:12  Probe  
  14  0:18  Pylon  
  14  0:24  Probe  
  15  0:35  Assimilator  
  15  0:36  Probe (Chrono Boost)  
  16  0:44  Gateway  
  16  0:48  Probe (Chrono Boost)  
  17  0:53  Probe (Chrono Boost)  
  18  1:04  Probe  
  19  1:16  Probe  
  20  1:24  Nexus  
  20  1:34  Cybernetics Core  
  20  1:37  Probe  
  21  1:42  Assimilator  
  21  1:49  Probe  
  21  1:52  Pylon  
  22  2:01  Probe (Chrono Boost)  
  23  2:11  Adept (Chrono Boost)  
  23  2:13  Probe (Chrono Boost)  
  26  2:15  Stargate  
  26  2:18  Probe (Chrono Boost)  
  26  2:21  Warp Gate  
  27  2:27  Probe  
  28  2:30  Adept (Chrono Boost)  
  30  2:37  Probe  
  30  2:39  Probe  
  32  2:49  Probe, Adept (Chrono Boost)  
  35  2:51  Probe  
  36  3:00  Oracle (Chrono Boost)  
  36  3:01  Probe  
  36  3:04  Probe  
  41  3:09  Pylon  
  41  3:13  Probe  
  41  3:16  Probe  
  43  3:25  Probe  
  44  3:28  Probe  
  44  3:33  Gateway  
  41  3:34  Adept  
  41  3:36  Gateway  
  41  3:38  Phoenix (Chrono Boost)  
  41  3:39  Probe  
  46  3:41  Probe  
  46  3:46  Assimilator  
  47  3:51  Assimilator  
  47  3:52  Probe  
  47  3:54  Oracle (Chrono Boost)  
  51  3:57  Probe  
  51  4:02  Pylon  
  52  4:04  Probe  
  52  4:09  Probe  
  54  4:20  Probe  
  54  4:21  Probe  
  54  4:22  Pylon  
  56  4:30  Adept x3  
  62  4:33  Pylon  
  62  4:40  Probe x2  
  64  4:48  Twilight Council  
  64  4:50  Robotics Facility  
  64  4:57  Nexus  
  64  4:59  Adept  
  66  5:04  Probe x2  
  68  5:10  Adept x2  
  72  5:16  Probe  
  72  5:18  Shield Battery  
  72  5:20  Probe  
  74  5:21  Pylon  
  74  5:25  Charge (Chrono Boost)  
  74  5:28  Probe  
  74  5:32  Probe  
  76  5:35  Templar Archives  
  76  5:37  Immortal (Chrono Boost)  
  76  5:42  Probe  
  81  5:46  Probe, Pylon  
  81  5:48  Pylon  
  82  5:53  Sentry x2  
  82  5:54  Probe, Sentry  
  85  6:00  Probe, Pylon  
  86  6:06  Probe  
  86  6:07  Immortal  
  86  6:10  Probe  
  92  6:12  Probe  
  93  6:18  Probe  
  93  6:19  Forge  
  93  6:22  Probe  
  93  6:24  Probe, Assimilator  
  96  6:25  Assimilator  
  96  6:26  High Templar  
  96  6:28  High Templar  
  96  6:29  High Templar  
  96  6:30  Probe  
  103  6:34  Probe  
  103  6:35  Shield Battery  
  103  6:36  Probe, Pylon  
  103  6:37  Psionic Storm  
  103  6:38  Warp Prism  
  105  6:42  Probe  
  105  6:46  Probe  
  109  6:48  Probe  
  110  6:55  Probe  
  110  7:01  Gateway  
  111  7:02  Gateway  
  111  7:03  High Templar  
  111  7:04  Gateway  
  110  7:08  Oracle  
  110  7:10  Protoss Ground Weapons Level 1 (Chrono Boost)  
  110  7:11  Probe x2  
  115  7:16  Zealot, High Templar  
  119  7:23  Gateway  
  119  7:25  Immortal, Gateway  
  119  7:29  Photon Cannon  
  123  7:38  High Templar  
  123  7:40  Zealot  
  127  7:49  Nexus  
  127  7:51  Pylon  
  127  7:52  Zealot  
  127  7:53  Pylon  
  127  7:58  Zealot x2  
  133  8:05  Pylon  
  133  8:06  Immortal (Chrono Boost)  
  137  8:13  Zealot x4  
  137  8:15  Probe x2  
  137  8:18  Probe  
  148  8:22  High Templar  
  148  8:23  High Templar x3  
  148  8:26  Photon Cannon  
  155  8:27  Probe, Shield Battery  
  155  8:28  Archon x2  
  155  8:30  Photon Cannon  
  153  8:38  Immortal (Chrono Boost)  
  157  8:48  Protoss Ground Weapons Level 2 (Chrono Boost)  
  157  8:53  Pylon, Gateway  
  157  8:54  Gateway  
  155  8:59  Pylon  
  155  9:01  Probe x3  
  158  9:04  Observer (Chrono Boost), Assimilator  
  158  9:07  Assimilator  
  158  9:09  Zealot  
  161  9:13  Probe  
  161  9:15  High Templar x2  
  161  9:16  Zealot x5  
  176  9:29  Immortal (Chrono Boost)  
  176  9:41  Probe x2  
  176  9:44  Zealot x4  
  172  9:48  Zealot x2  
  168  9:53  Pylon x2  
  168  9:55  Pylon  
  168  9:59  Pylon, Immortal (Chrono Boost)  
  168  10:01  Archon, Photon Cannon x2  
  172  10:09  Fleet Beacon  
  172  10:12  Photon Cannon  
  172  10:15  Pylon, Photon Cannon  
  172  10:18  Pylon  
  170  10:23  Probe x2, Zealot x3  
  170  10:24  Zealot x4  
  170  10:27  Probe  
  183  10:29  Probe  
  177  10:36  Zealot x2  
  177  10:37  Probe x2  
  177  10:39  Probe, Zealot  
  177  10:41  Probe  
  183  10:49  Probe x2  
  175  10:51  Probe, Zealot x5  
  175  10:53  Probe  
  164  11:02  Zealot x3  
  140  11:12  Pylon  
  138  11:22  Robotics Facility, High Templar x5  
  138  11:23  High Templar x2  
  152  11:30  Immortal (Chrono Boost), Archon x3  
  152  11:35  Probe (Chrono Boost)  
  152  11:37  Probe x3 (Chrono Boost)  
  160  11:45  Zealot x3  
  162  11:49  Probe  
  162  11:51  Probe  
  162  11:52  Probe  
  147  11:55  Zealot x7  
  147  11:56  Probe  
  147  11:59  Immortal (Chrono Boost)  
  148  12:07  Probe (Chrono Boost), Mothership (Chrono Boost)  
  140  12:10  High Templar x2  
  140  12:11  Protoss Ground Weapons Level 3 (Chrono Boost), High Templar  
  153  12:15  Archon  
  153  12:27  High Templar x4  
  153  12:28  Zealot x3  
  167  12:31  Immortal  
  165  12:38  Archon  
  165  12:39  Archon  
  163  12:44  Zealot x3  
  163  12:47  Probe x2  
  163  12:49  Probe  
  162  12:53  Zealot x3  
  162  12:57  Archon  
  152  13:00  Zealot x4  
  152  13:03  Probe x2 (Chrono Boost)  
  157  13:06  Probe (Chrono Boost)  
  157  13:11  Archon, Immortal (Chrono Boost)  
  159  13:14  High Templar x2  
  159  13:15  High Templar x3  
  169  13:20  Archon x2, High Templar  
  169  13:21  High Templar x3  
  169  13:25  Archon x2  
  169  13:41  High Templar  
  169  13:42  Immortal (Chrono Boost)  
  169  13:43  Immortal (Chrono Boost)  
  178  13:53  High Templar  
  172  13:56  Zealot x8  
  172  13:59  Probe  
  172  14:00  Probe  
  168  14:15  High Templar  
  168  14:16  Immortal (Chrono Boost), High Templar x2  
  172  14:18  High Templar  
  172  14:19  Zealot x5, Immortal (Chrono Boost)  
  192  14:24  Nexus  
  192  14:25  Pylon  
  182  14:42  Zealot x4  
  182  14:44  Probe  
  177  14:47  Immortal (Chrono Boost)  
  177  14:50  Zealot x5, Immortal (Chrono Boost)  
  187  14:59  Zealot  
  177  15:08  Assimilator  
  177  15:10  Assimilator  
  177  15:12  High Templar x2  
  177  15:13  High Templar x2  
  173  15:18  Immortal  
  173  15:20  Zealot x6  
  187  15:23  Archon x2  
  185  15:37  Immortal (Chrono Boost)  
  187  15:44  High Templar x2  
  187  15:45  Zealot, Sentry, High Templar x2  
  199  15:50  Archon x2  
  199  15:55  Zealot x4  
  189  16:13  Archon x2  
  189  16:17  Zealot x10  
  197  16:21  Immortal  
  190  16:34  Immortal  
  194  16:40  High Templar  
  194  16:43  Pylon  
  196  16:47  Observer  
  172  17:05  High Templar x3  
  172  17:06  High Templar x2  
  167  17:12  Nexus  
  126  17:24  Archon  
  126  17:26  Zealot x3  
  127  17:30  Observer (Chrono Boost)  
  127  17:36  Zealot  
  124  17:47  High Templar x3  
  124  17:48  High Templar  
  130  18:12  Immortal  
  134  18:29  Immortal  
  136  18:46  Pylon  
  136  18:52  Zealot x3, High Templar x2  
  146  19:05  Immortal  
  146  19:20  High Templar x2  
  146  19:21  Zealot x3  
  156  19:25  Archon  
  156  19:41  Nexus, Observer  
  142  20:10  High Templar x4  
  142  20:11  Zealot x6  
  158  20:20  Archon  
  158  20:21  Archon  
  158  20:22  Immortal  
  158  20:25  Observer  
  150  20:46  Immortal  
  150  20:54  Archon  
  118  21:02  Immortal  
  102  21:09  Archon  
  85  21:12  Zealot x4  
  85  21:13  Zealot x4  
  91  21:28  High Templar  
  89  21:38  Zealot x5  
  99  21:42  Zealot  
  101  21:50  Immortal  
  100  22:05  Zealot x3  
  106  22:17  Probe  
  106  22:18  Probe x2  
  106  22:20  Immortal (Chrono Boost)  
  113  22:25  Zealot x2  
  117  22:34  Probe x3  
  117  22:37  Immortal (Chrono Boost), Assimilator  
  121  22:38  Assimilator  
  121  22:42  Probe  
  125  22:47  Probe x2  
  127  22:53  Zealot x2  
  127  22:56  Probe x2  
  124  23:00  Pylon  
  124  23:01  Probe x3  
  120  23:14  Pylon  
  120  23:18  Zealot x2  
  120  23:19  Zealot x3  
  124  23:33  Immortal (Chrono Boost)  
  128  23:36  Immortal (Chrono Boost)  
  132  23:42  Probe  
  132  23:43  Probe  
  125  24:09  Immortal (Chrono Boost)  
  125  24:12  Immortal (Chrono Boost)  
  133  24:18  High Templar  
  133  24:19  Zealot x2  
  139  24:26  Shield Battery  
  139  24:30  Shield Battery  
  138  24:38  Immortal (Chrono Boost)  
  138  24:41  Observer (Chrono Boost)  
  138  24:42  High Templar  
  138  24:43  Zealot x4  
  153  24:47  Zealot x2  
  151  24:54  Zealot x2  
  143  25:02  Zealot  
  142  25:10  Zealot x3  
  136  25:15  Immortal (Chrono Boost)  
  128  25:22  Immortal (Chrono Boost)  
  128  25:28  Zealot  
  100  25:37  High Templar x2  
  100  25:38  Zealot x2, Sentry  
  100  25:41  Archon  
  106  25:48  High Templar  
  106  25:49  Zealot x2  
  112  25:55  Immortal (Chrono Boost)  
  116  26:05  Immortal (Chrono Boost)  
  118  26:23  Immortal (Chrono Boost)  
  122  26:28  High Templar  
  124  26:33  Pylon  
  124  26:34  Zealot x4  
  132  26:42  Zealot x2  
  136  26:51  Zealot  
  138  26:54  Zealot x2  
  138  26:57  Zealot  
  138  26:59  Zealot  
  146  27:04  Zealot  
  144  27:08  High Templar  
  144  27:09  High Templar  
  144  27:10  High Templar  
  150  27:20  Photon Cannon  
  146  27:36  High Templar  
  146  27:37  High Templar  
  146  27:44  Archon  
  148  27:45  Zealot x6  
  160  27:54  Immortal  
  160  27:58  Sentry  
  166  28:04  Immortal  
  140  28:22  Zealot x2  
  140  28:23  Zealot x3  
  140  28:26  Immortal  
  126  28:39  High Templar  
  132  28:42  High Templar  
  132  28:43  Zealot  
  136  28:54  Zealot x3  
  136  28:55  Zealot  
  144  29:01  High Templar  
  144  29:02  Zealot  
  130  29:21  Immortal x2 (Chrono Boost)  
  134  29:25  Zealot  
  129  29:55  Immortal x2 (Chrono Boost)  
  129  29:57  Sentry x2  
  126  30:10  Archon  
  126  30:11  Archon  
  112  30:23  Zealot x3, Sentry  
  119  30:29  Immortal  
  127  30:35  Immortal  
  125  30:53  Sentry  
  125  30:54  Sentry  
  125  30:55  Zealot  
  125  30:56  Zealot  
  126  31:08  Zealot  
  120  31:26  High Templar  
  122  31:42  Sentry  
  122  31:43  Zealot x3  
  130  32:05  High Templar  
  128  32:30  Immortal (Chrono Boost)  
  120  33:02  Immortal (Chrono Boost)  
  124  33:11  Pylon  
  124  33:33  Zealot  
  127  33:37  Observer (Chrono Boost)  
  124  33:46  High Templar x2  
  124  33:48  Zealot  
  130  33:50  Archon  
  134  34:28  Nexus  
  127  34:41  Observer  
  127  34:43  High Templar  
  129  34:48  High Templar  
  104  35:27  High Templar  
  81  35:32  High Templar  
  83  35:49  Zealot  
  85  35:50  Zealot  
  85  36:07  High Templar  
  85  36:08  Zealot  
  89  36:13  Zealot  
  82  37:02  Archon  
Show
View Real Time Build Order
Export as new Build Order

Serral Zerg - Winner!

Build Orders: Hatch First, Lurkers, Roach Hydra 

Get SALT Encoding   

  12  0:00  Drone  
  13  0:12  Overlord  
  13  0:17  Drone  
  14  0:31  Drone x2  
  17  0:35  Drone  
  17  0:52  Hatchery  
  17  0:55  Drone  
  17  0:57  Drone  
  18  1:08  Extractor  
  17  1:12  Spawning Pool  
  17  1:15  Drone  
  17  1:18  Drone  
  18  1:28  Drone  
  19  1:38  Overlord  
  19  1:49  Drone  
  20  1:59  Queen  
  20  2:00  Drone  
  23  2:03  Queen  
  23  2:04  Zergling x2  
  23  2:07  Metabolic Boost  
  26  2:11  Drone  
  26  2:15  Drone  
  28  2:22  Drone  
  29  2:25  Drone  
  30  2:32  Drone  
  31  2:38  Hatchery  
  31  2:39  Drone  
  31  2:46  Queen  
  31  2:48  Zergling x2  
  34  2:53  Overlord  
  34  2:58  Zergling x4  
  36  3:11  Drone x2  
  36  3:12  Zergling x2  
  39  3:13  Drone x2  
  39  3:19  Drone  
  40  3:25  Drone  
  39  3:29  Drone  
  39  3:31  Spore Crawler, Queen  
  39  3:33  Drone  
  42  3:40  Spore Crawler, Drone x2  
  43  3:44  Overlord  
  43  3:50  Drone x4  
  43  3:52  Drone  
  48  3:56  Lair  
  48  3:59  Drone  
  49  4:04  Overlord  
  49  4:10  Overlord  
  49  4:12  Drone x2  
  49  4:14  Drone x2  
  53  4:17  Drone, Overlord  
  53  4:23  Spore Crawler, Drone x2  
  54  4:32  Drone x2  
  54  4:34  Drone, Roach Warren  
  54  4:36  Zergling x4  
  58  4:39  Zergling x2  
  58  4:42  Drone  
  58  4:45  Extractor  
  59  4:46  Queen, Extractor  
  59  4:47  Drone  
  59  4:49  Drone  
  59  4:51  Drone  
  64  4:52  Drone  
  64  4:53  Drone  
  64  4:56  Drone x2  
  64  4:58  Overlord  
  67  5:04  Drone x3  
  66  5:08  Drone x4  
  66  5:11  Overseer  
  68  5:16  Roach  
  68  5:17  Roach x2  
  76  5:21  Roach x2  
  76  5:27  Roach  
  80  5:30  Overlord x2  
  80  5:32  Glial Reconstitution  
  80  5:33  Zergling x2  
  81  5:36  Evolution Chamber  
  81  5:40  Overlord  
  80  5:43  Drone  
  80  5:45  Overlord  
  80  5:48  Overlord  
  80  5:49  Zergling x4  
  84  5:50  Zergling x4  
  84  5:54  Drone x6  
  84  5:55  Drone x2  
  91  5:58  Overlord  
  91  6:02  Drone  
  92  6:05  Zerg Missile Weapons Level 1  
  92  6:08  Overlord  
  92  6:11  Drone  
  93  6:12  Overlord  
  93  6:15  Extractor  
  93  6:17  Overlord  
  92  6:18  Extractor  
  92  6:19  Hydralisk Den  
  92  6:20  Roach x3, Extractor  
  92  6:21  Roach  
  97  6:27  Drone x3  
  97  6:28  Drone  
  97  6:29  Drone  
  97  6:30  Drone  
  103  6:33  Drone  
  103  6:37  Drone x2  
  106  6:43  Drone x3  
  106  6:46  Hatchery  
  108  6:48  Overlord  
  108  6:50  Grooved Spines  
  108  6:53  Hydralisk x2  
  112  6:57  Hydralisk  
  112  6:58  Hydralisk  
  116  7:03  Hydralisk x2  
  118  7:11  Lurker Den  
  118  7:13  Drone  
  118  7:14  Drone  
  118  7:15  Hydralisk x3  
  122  7:17  Drone x2  
  122  7:21  Overlord  
  126  7:26  Drone x3  
  128  7:32  Pneumatized Carapace  
  128  7:35  Drone x2  
  130  7:37  Drone x2  
  130  7:38  Drone x3, Extractor  
  130  7:39  Drone  
  130  7:40  Overlord  
  130  7:44  Hydralisk x2  
  139  7:53  Hydralisk x3  
  145  8:02  Muscular Augments  
  145  8:04  Zerg Missile Weapons Level 2  
  145  8:06  Overlord  
  145  8:07  Overseer  
  143  8:15  Hydralisk x3  
  143  8:16  Roach x4  
  156  8:22  Roach, Hydralisk  
  156  8:23  Roach x2  
  163  8:27  Overlord x3  
  162  8:35  Hydralisk x3  
  162  8:36  Roach  
  169  8:42  Lurker x3  
  169  8:43  Overlord  
  169  8:46  Overlord  
  172  9:00  Hydralisk x4  
  172  9:01  Roach x7  
  194  9:13  Hydralisk x4  
  197  9:27  Hatchery  
  197  9:29  Overlord  
  196  9:31  Overlord  
  196  9:34  Overlord  
  191  9:43  Hydralisk x2  
  191  9:44  Roach x9  
  199  9:49  Hydralisk x2  
  197  9:58  Lurker x3  
  192  10:13  Infestation Pit  
  191  10:15  Hydralisk x4  
  191  10:21  Zerg Ground Armor Level 1  
  199  10:35  Hydralisk x3  
  195  10:36  Roach  
  197  10:44  Overlord  
  197  10:48  Roach  
  195  10:50  Overlord  
  195  10:54  Hive  
  175  10:57  Hydralisk x3  
  175  10:58  Roach x9  
  175  10:59  Roach x2  
  175  11:04  Hydralisk x4  
  189  11:08  Hydralisk  
  183  11:19  Roach x8  
  183  11:25  Overseer  
  199  11:26  Overlord, Overseer  
  199  11:34  Ravager  
  200  11:52  Hydralisk x10  
  192  12:00  Hydralisk x2  
  192  12:01  Roach x2  
  185  12:06  Roach x3  
  185  12:07  Roach  
  181  12:12  Extractor  
  180  12:18  Adaptive Talons  
  180  12:20  Drone x3  
  180  12:21  Extractor  
  182  12:25  Roach x8  
  188  12:37  Hydralisk x5  
  188  12:41  Hatchery  
  197  12:48  Roach  
  197  12:49  Roach x3  
  167  12:59  Roach x16  
  167  13:03  Hydralisk x2  
  171  13:10  Hydralisk  
  171  13:11  Roach x6  
  171  13:12  Zergling x16  
  185  13:18  Hydralisk x2  
  187  13:25  Zerg Missile Weapons Level 3  
  185  13:33  Hydralisk x3  
  191  13:34  Roach x4  
  195  13:41  Overseer  
  195  13:44  Hydralisk x2  
  199  13:54  Hydralisk x7  
  175  14:05  Hydralisk x5  
  175  14:06  Roach  
  176  14:16  Roach x10  
  196  14:23  Drone x3  
  178  14:46  Hydralisk x5  
  178  14:47  Roach x7  
  184  14:56  Hydralisk x8  
  176  15:00  Roach x3  
  170  15:08  Roach, Hydralisk  
  170  15:09  Roach x2  
  170  15:13  Roach x3  
  176  15:15  Overseer x2  
  176  15:20  Roach x2  
  176  15:21  Roach  
  176  15:29  Lurker x2  
  176  15:30  Lurker x3  
  176  15:35  Hydralisk x2  
  185  15:36  Roach x3  
  185  15:42  Overseer  
  191  15:49  Drone x2  
  190  15:53  Hydralisk x4  
  198  16:10  Hydralisk  
  198  16:11  Hydralisk  
  161  16:20  Hydralisk x14  
  161  16:23  Zergling x4  
  191  16:32  Hydralisk x5  
  175  16:34  Roach  
  185  16:45  Roach x7  
  170  17:06  Hatchery  
  167  17:08  Hydralisk x4  
  171  17:20  Roach x5  
  133  17:26  Hydralisk x2  
  121  17:48  Lurker x2  
  121  17:49  Lurker x4  
  123  17:54  Hydralisk  
  119  17:59  Roach x2  
  123  18:07  Hydralisk  
  123  18:08  Roach x2  
  123  18:11  Hatchery  
  128  18:16  Roach x3  
  134  18:21  Roach  
  134  18:22  Roach  
  138  18:28  Lurker x2  
  138  18:29  Lurker x2  
  134  18:41  Drone x4  
  134  18:42  Drone x4  
  134  18:48  Lurker x4  
  146  18:52  Roach  
  146  18:53  Roach  
  150  18:57  Roach  
  150  19:00  Roach  
  150  19:01  Roach  
  155  19:03  Roach  
  155  19:05  Roach  
  155  19:07  Roach  
  159  19:11  Roach x2  
  159  19:16  Drone  
  159  19:17  Drone  
  163  19:20  Drone x4  
  163  19:22  Hydralisk  
  169  19:25  Hydralisk  
  169  19:29  Hydralisk  
  173  19:37  Hydralisk  
  177  19:40  Hydralisk  
  179  19:51  Hydralisk x2, Swarm Host  
  152  20:07  Hydralisk x3  
  152  20:11  Lurker x2  
  152  20:12  Hatchery  
  151  20:17  Hydralisk x2  
  151  20:21  Hydralisk  
  154  20:28  Hydralisk x2  
  154  20:31  Hydralisk  
  154  20:34  Hydralisk  
  162  20:36  Hydralisk  
  162  20:43  Hydralisk x2  
  158  20:51  Hydralisk x2  
  158  20:55  Roach x2  
  114  20:57  Roach  
  114  21:03  Hydralisk x2  
  112  21:05  Hydralisk  
  112  21:09  Hydralisk  
  101  21:11  Roach  
  101  21:16  Roach  
  101  21:17  Roach  
  97  21:21  Hydralisk x2  
  97  21:24  Roach  
  101  21:29  Extractor  
  101  21:30  Roach x2  
  101  21:32  Roach x2  
  108  21:37  Roach  
  110  21:43  Roach  
  112  21:50  Roach x2  
  116  22:01  Roach x2  
  116  22:05  Roach  
  118  22:13  Hydralisk, Zergling x30  
  118  22:14  Extractor  
  134  22:23  Hydralisk  
  134  22:26  Roach  
  134  22:27  Zergling x8  
  142  22:31  Zergling x2  
  142  22:34  Roach  
  142  22:36  Roach  
  147  22:41  Roach, Zergling x6  
  152  22:44  Extractor  
  152  22:47  Roach  
  152  22:49  Roach  
  155  22:53  Roach  
  137  22:59  Roach  
  137  23:03  Roach  
  126  23:06  Zergling x2  
  126  23:07  Zergling x14  
  126  23:08  Queen x2  
  126  23:09  Queen x4  
  144  23:13  Roach x2  
  144  23:14  Roach, Zergling x2  
  144  23:17  Roach  
  150  23:34  Hydralisk x2  
  150  23:35  Zergling x16  
  150  23:36  Zergling x4  
  160  23:47  Hydralisk x3  
  164  23:55  Hatchery  
  161  23:59  Hydralisk x2  
  162  24:08  Hydralisk  
  161  24:11  Queen  
  161  24:12  Queen x2  
  161  24:13  Queen  
  161  24:15  Overseer  
  168  24:18  Roach x2  
  168  24:22  Roach  
  174  24:25  Roach  
  174  24:27  Roach  
  174  24:30  Roach  
  178  24:34  Roach  
  178  24:36  Roach  
  182  24:43  Extractor  
  182  24:44  Overlord  
  181  24:46  Hydralisk  
  181  24:48  Roach  
  181  24:52  Roach  
  179  24:54  Roach  
  179  24:57  Roach  
  179  24:58  Roach  
  180  25:05  Roach x2  
  181  25:09  Roach  
  181  25:11  Hydralisk  
  178  25:16  Hydralisk  
  178  25:21  Hydralisk  
  165  25:23  Roach  
  165  25:26  Roach  
  135  25:30  Roach, Zergling x6  
  135  25:31  Zergling x18  
  135  25:33  Zergling x2  
  138  25:37  Hydralisk  
  138  25:38  Zergling x2  
  138  25:40  Zergling x4  
  143  25:46  Roach x2, Extractor  
  146  25:57  Hydralisk  
  146  25:58  Hydralisk x3  
  154  26:12  Hydralisk x3  
  160  26:22  Hydralisk x2  
  160  26:23  Zergling x16  
  166  26:33  Drone x2, Extractor  
  167  26:41  Hydralisk x5  
  177  26:48  Roach x3  
  177  26:54  Roach x2  
  187  27:00  Roach  
  187  27:01  Roach  
  186  27:04  Roach  
  186  27:05  Roach x2  
  186  27:06  Roach  
  192  27:26  Hydralisk x3  
  192  27:27  Roach  
  188  28:09  Hydralisk x8  
  195  28:17  Hydralisk x9  
  194  28:20  Hydralisk x2  
  194  28:28  Hydralisk x3  
  194  28:29  Zergling x2  
  199  29:06  Hatchery  
  193  29:12  Hydralisk x3  
  193  29:13  Hydralisk, Zergling x2  
  197  29:25  Hydralisk, Zergling x2  
  197  29:29  Zerg Melee Weapons Level 1  
  197  30:05  Hydralisk x7, Swarm Host  
  197  30:06  Hydralisk x2  
  194  30:11  Hydralisk x11  
  163  30:17  Hydralisk x3  
  163  30:18  Zergling x8  
  173  30:24  Hydralisk  
  175  30:35  Hydralisk x4  
  175  30:41  Roach x3  
  183  31:05  Extractor  
  183  31:06  Drone x3, Extractor  
  183  31:08  Drone x3  
  183  31:10  Hatchery  
  180  31:19  Hydralisk  
  180  31:20  Hydralisk x2  
  186  31:38  Hydralisk  
  186  31:39  Hydralisk x4  
  196  31:50  Hydralisk  
  196  31:51  Zergling x2  
  189  32:29  Lurker x3  
  193  32:30  Lurker  
  193  32:31  Hatchery  
  183  32:53  Lurker x2  
  185  33:00  Queen  
  187  33:24  Queen, Hatchery  
  187  33:25  Queen  
  188  33:27  Overlord  
  188  33:28  Overlord  
  188  33:42  Queen  
  188  33:45  Lurker x3  
  193  33:57  Extractor  
  189  34:18  Lurker x2  
  191  34:43  Lurker  
  192  34:46  Extractor  
  192  34:47  Extractor  
  192  34:52  Drone x2  
  189  34:59  Zergling x14  
  194  35:11  Hatchery  
  162  35:37  Lurker  
  162  35:38  Lurker x2  
  165  35:45  Hydralisk x2  
  165  35:46  Hydralisk x2  
  177  35:57  Drone x7  
  177  35:58  Drone  
  181  36:10  Hydralisk x5  
  191  36:21  Overseer  

Tags
 
Add a new tag
Caveats
  • Supply blocks, unpowered buildings, or Contaminate may cause inaccurate times.
  • Supply counts are checked every 10 seconds.